AoeStats
← Vasilex

Lombardia

509724048Analyzed
2v2 RM · 6d ago on Sep 27, 2026· 76m 27s· 4 players
Game mode
Random Map
Map size
Medium (4 player)
Population
200
Speed
Normal
Resources
Standard
Victory
Conquest
Starting age
Dark Age
Ending age
Imperial Age
RankedLock teamsTeams togetherTeam positionsShared explorationLock speedFull tech treeHidden civsTurbo modeCheats
Victory
Defeat
🇪🇸 Celts · Spain
885
+18
🇪🇸 Magyars · Spain
858
+20
🇹🇷 Turks · Türkiye
932
-19
🇹🇷 Poles · Türkiye
932
-19
Vasilex
11:11 Feudal Age
11:52 Double-Bit Axe
12:25 Horse Collar
14:11 Wheelbarrow
18:29 Gold Mining
18:33 Stone Mining
22:02 Castle Age
20:46 Arson
21:58 Forging
21:49 Scale Mail Armor
21:40 Fletching
23:29 Hand Cart
23:41 Bow Saw
24:01 Bodkin Arrow
24:42 Iron Casting
24:22 Chain Mail Armor
25:00 Heavy Plow
25:38 Gold Shaft Mining
25:57 Caravan
28:18 Stronghold
30:24 Gambesons
34:20 Imperial Age
34:35 Elite Woad Raider
36:13 Conscription
37:36 Blast Furnace
37:07 Plate Mail Armor
38:09 Ballistics
38:49 Chemistry
58:36 Furor Celtica
70:40 Hoardings
TheDario
3:06 Loom
11:50 Feudal Age
12:24 Double-Bit Axe
14:52 Bloodlines
15:11 Horse Collar
18:31 Gold Mining
23:13 Castle Age
21:26 Stone Mining
24:15 Bow Saw
24:07 Heavy Plow
24:40 Husbandry
26:12 Corvinian Army
26:57 Gold Shaft Mining
26:13 Town Watch
28:31 Light Cavalry
29:20 Scale Barding Armor
34:57 Imperial Age
34:58 Fletching
35:29 Chain Barding Armor
35:42 Town Patrol
36:19 Wheelbarrow
37:44 Two-Man Saw
37:25 Conscription
38:33 Hand Cart
38:58 Plate Barding Armor
40:59 Crop Rotation
40:34 Bodkin Arrow
41:10 Elite Magyar Huszar
44:17 Hussar
46:52 Murder Holes
47:17 Ballistics
52:01 Caravan
55:41 Capped Ram
72:11 Hoardings
sineks
0:27 Loom
12:30 Feudal Age
15:22 Double-Bit Axe
15:31 Horse Collar
16:16 Stone Mining
21:49 Castle Age
23:15 Husbandry
23:25 Bloodlines
22:36 Light Cavalry
24:03 Forging
26:49 Stone Shaft Mining
26:07 Gold Mining
26:32 Bow Saw
28:14 Scale Barding Armor
29:00 Wheelbarrow
29:25 Padded Archer Armor
29:15 Fletching
32:34 Heavy Plow
33:53 Hand Cart
34:18 Scale Mail Armor
36:31 Stone Shaft Mining
40:36 Imperial Age
38:47 Iron Casting
38:35 Chain Barding Armor
39:21 Scale Mail Armor
40:23 Szlachta Privileges
40:46 Caravan
41:17 Coinage
40:45 Cavalier
42:40 Iron Casting
42:21 Leather Archer Armor
41:56 Fletching
42:22 Chain Mail Armor
42:00 Fletching
42:26 Leather Archer Armor
42:46 Crop Rotation
42:17 Winged Hussar
45:40 Elite Obuch
54:12 Lechitic Legacy
55:30 Blast Furnace
54:25 Bodkin Arrow
55:01 Plate Mail Armor
55:35 Chemistry
54:56 Ballistics
54:49 Fortified Wall
55:37 Lechitic Legacy
65:29 Hoardings
Kerküklü
0:31 Loom
12:33 Feudal Age
13:33 Double-Bit Axe
15:11 Horse Collar
16:40 Gold Mining
19:26 Castle Age
19:32 Fletching
19:54 Forging
19:45 Padded Archer Armor
19:51 Scale Barding Armor
21:54 Bow Saw
21:56 Bodkin Arrow
24:30 Heavy Plow
29:47 Imperial Age
27:33 Husbandry
29:11 Bloodlines
31:08 Ballistics
30:52 Bracer
31:09 Leather Archer Armor
32:19 Thumb Ring
33:32 Iron Casting
35:44 Ring Archer Armor
37:24 Blast Furnace
38:27 Parthian Tactics
38:27 Caravan
38:51 Chain Barding Armor
41:23 Plate Barding Armor
41:46 Gold Shaft Mining
44:21 Murder Holes
52:43 Wheelbarrow
53:53 Two-Man Saw
58:00 Sipahi
58:13 Heavy Cavalry Archer
59:22 Conscription
61:24 Fortified Wall
63:04 Bombard Tower
70:28 Hand Cart
75:06 Town Watch
Connection lost

Rejoining the realm…

Still unreachable

The connection could not be restored.

Session expired

The server has moved on; the page needs a fresh start.